Cogmind - Beta 14 @@@ ROGUE MODE // 2025.03.26 @ 13:54:18 Player: King Of Bel Result: Destroyed by D-53 Grenadier with Mini Grenade Launcher Performance ------------- Evolutions (0) 0 Regions Visited (4) 800 Robots Destroyed (27) 135 Value Destroyed (439) 439 Prototype IDs (4) 80 Alien Tech Used (0) 0 Bonus (0) 0 TOTAL SCORE: 1454 Bonus ------- None Cogmind --------- Core Integrity 0/250 Matter 248/300 Energy 100/100 System Corruption 0% Temperature Cool (45) Movement Walking (120) Location -9/Mines Parts ------- > --- POWER (1) -------- (None) > --- PROPULSION (2) --- Aluminum Leg Improved Aluminum Leg > --- UTILITY (2) ------ Small Storage Unit Makeshift Hacking Suite > --- WEAPON (2) ------- Bore Cannon > --- INVENTORY (8) ---- Ion Engine Ion Engine VTOL Module VTOL Module VTOL Module VTOL Module Medium Laser Makeshift Spear Peak State ------------ > --- POWER ------------ Light Nuclear Core > --- PROPULSION ------- Aluminum Leg Improved Aluminum Leg > --- UTILITY ---------- Small Storage Unit Makeshift Hacking Suite > --- WEAPON ----------- Light Assault Rifle Bore Cannon > --- INVENTORY -------- Ion Engine Ion Engine VTOL Module VTOL Module VTOL Module VTOL Module Medium Laser Makeshift Spear [Rating: 18] Favorites ----------- Power Light Nuclear Core Engine Ion Engine Power Core Light Nuclear Core Propulsion Aluminum Leg Leg Aluminum Leg Utility Small Storage Unit Device Improved Terrain Scanner Storage Small Storage Unit Hackware Makeshift Hacking Suite Weapon Light Assault Rifle Energy Gun EM Pulse Gun Ballistic Gun Light Assault Rifle Ballistic Cannon Bore Cannon Launcher Grenade Launcher Build | -11 -10 -10 -10 -9 ------- Run | Yrd Mat Min Exi Min Slots Evolved . | . . . . . Power . | . . . . . Propulsion . | . . . . . Utility . | . . . . . Weapon . | . . . . . Parts Attached 17 | 7 3 4 1 2 Power 3 | 1 1 1 . . Engine 2 | 1 1 . . . Core 1 | . . 1 . . Reactor . | . . . . . Propulsion 4 | 2 . 1 . 1 Treads . | . . . . . Leg 4 | 2 . 1 . 1 Wheel . | . . . . . Hover . | . . . . . Flight . | . . . . . Utility 3 | 2 . . 1 . Device 1 | 1 . . . . Storage 1 | 1 . . . . Processor . | . . . . . Hackware 1 | . . . 1 . Protection . | . . . . . Artifact . | . . . . . Weapon 7 | 2 2 2 . 1 Energy Gun 1 | 1 . . . . Energy Cannon . | . . . . . Ballistic Gun 4 | 1 1 2 . . Ballistic Cannon 1 | . . . . 1 Launcher 1 | . 1 . . . Special Weapon . | . . . . . Impact Weapon . | . . . . . Slashing Weapon . | . . . . . Piercing Weapon . | . . . . . Special Melee Weapon . | . . . . . Unidentified Prototypes . | . . . . . Parts Lost 4 | . 1 1 . 2 Power 1 | . . . . 1 Propulsion . | . . . . . Utility 1 | . . 1 . . Weapon 2 | . 1 . . 1 Highest Loss Streak 2 | . 1 1 . 2 To Critical Strikes . | . . . . . Average Slot Usage (%) 96 | . 99 91 96 99 Engine 5 | . 14 6 . . Core 8 | . . 7 14 13 Leg 28 | . 28 28 28 28 Device 4 | . 14 5 . . Storage 14 | . 14 14 14 14 Hackware 6 | . . . 10 14 Ballistic Gun 23 | . 21 28 28 16 Ballistic Cannon 2 | . . . . 11 Launcher 1 | . 5 . . . Peak Build Rating 18 | 9 10 10 13 18 Average Rating 11 | 5 9 9 11 16 On Entrance 8 | . 9 10 9 13 Naked Turns . | . . . . . Heaviest Build 20 | 12 13 13 12 20 Greatest Support 23 | 20 20 20 20 23 Greatest Overweight (x) . | . . . . . Average Overweight (x) . | . . . . . Largest Inventory Capacity 8 | 8 8 8 8 8 Average Capacity 7 | 7 8 8 8 8 Most Carried 8 | 8 8 8 8 8 Average Carried 7 | 4 7 7 7 8 Final Capacity 8 | 8 8 8 8 8 Final Carried 8 | 8 8 8 8 8 Class Distribution -------------------- 58% | Mutant 41% | Scavenger-Mutant Dominant Class ---------------- Mutant | -10/Materials Scavenger-Mutant | -10/Mines Scavenger-Mutant | -10/Exiles Mutant | -9/Mines Resources | -11 -10 -10 -10 -9 ----------- Run | Yrd Mat Min Exi Min Matter Collected 574 | 221 194 81 . 78 Remotely . | . . . . . Salvage Created 590 | 21 312 190 . 67 Parts 62 | 3 33 24 . 2 Haulers Intercepted 1 | . 1 . . . Recyclers Shooed 2 | 1 1 . . . Parts Field Recycled . | . . . . . Retrieved Matter . | . . . . . Parts Self-Destructed . | . . . . . Prevented . | . . . . . Kills | -11 -10 -10 -10 -9 ------- Run | Yrd Mat Min Exi Min Combat Hostiles Destroyed 23 | . 9 8 . 6 Guns 9 | . . 8 . 1 Cannons 5 | . . . . 5 AOE 9 | . 9 . . . Classes Destroyed 10 | 1 8 . . 1 Worker 1 | . 1 . . . Builder 1 | . 1 . . . Tunneler 1 | 1 . . . . Hauler 1 | . 1 . . . Recycler 1 | . 1 . . . Operator 1 | . 1 . . . Watcher 2 | . 2 . . . Swarmer 13 | . 5 6 . 2 Grunt 6 | . 4 2 . . Assembled 4 | . . . . 4 Best Kill Streak 10 | 1 10 3 . 4 Combat Bots Only 8 | . 8 3 . 4 Max Kills in Single Turn 3 | 1 3 2 . 2 Gunslinging . | . . . . . Exploded 3 | . 3 . . . Melee . | . . . . . Uniques/NPCs Destroyed . | . . . . . Combat | -11 -10 -10 -10 -9 -------- Run | Yrd Mat Min Exi Min Hostile Shots Fired 87 | . 38 30 . 19 Missed 30 | . 15 10 . 5 Damage Taken 954 | . 243 193 . 518 Core 254 | . 31 28 . 195 Absorbed by Shields . | . . . . . Core Remaining (%) 100 | 100 . . . . Volleys Fired 61 | 5 26 16 . 14 Largest 2 | 2 2 2 . 2 Hottest 77 | 60 60 40 . 77 Shots Fired 110 | 10 42 32 . 26 Gun 85 | 10 31 32 . 12 Cannon 14 | . . . . 14 Launcher 11 | . 11 . . . Special . | . . . . . Kinetic 93 | 5 30 32 . 26 Thermal . | . . . . . Explosive 11 | . 11 . . . Electromagnetic 6 | 5 1 . . . Robot Hit Streak 5 | 2 5 5 . 2 Robot Miss Streak 5 | 1 5 3 . 4 Penetration Max 1 | . . . . 1 Secondary Targets 1 | . . 1 . . Max Gunslinging Chain 1 | . . 1 . . Shots Hit Robots 54 | 6 19 20 . 9 Core Hits 49 | 2 24 14 . 9 Critical Kills 4 | . . . . 4 Critical Parts Destroyed 2 | . . . . 2 Critical Strikes 6 | . . . . 6 Destroy 6 | . . . . 6 Melee Attacks . | . . . . . Impact . | . . . . . Slashing . | . . . . . Piercing . | . . . . . Sneak Attacks . | . . . . . Combat Hostiles . | . . . . . Follow-up Attacks . | . . . . . Damage Inflicted 1322 | 50 926 172 . 174 Guns 390 | 50 127 172 . 41 Cannons 133 | . . . . 133 Explosions 782 | . 782 . . . Melee . | . . . . . Ramming 17 | . 17 . . . Kinetic 499 | 26 127 172 . 174 Thermal . | . . . . . Explosive 782 | . 782 . . . Electromagnetic 24 | 24 . . . . Impact . | . . . . . Slashing . | . . . . . Piercing . | . . . . . Highest Corruption . | . . . . . Average Corruption . | . . . . . Corruption Purged . | . . . . . Corruption Blocked . | . . . . . Overload Shots . | . . . . . Overflow Damage 23 | . 23 . . . Projectiles . | . . . . . Explosions 23 | . 23 . . . Melee . | . . . . . Knockbacks 2 | . 1 . . 1 Impact 1 | . 1 . . . Kinetic 1 | . . . . 1 Secondary . | . . . . . Self-Inflicted Damage 27 | . 27 . . . Shots 1 | . 1 . . . Rammed . | . . . . . Targets Rammed 3 | . 3 . . . Kicked 3 | . 3 . . . Crushed . | . . . . . Highest Temperature 102 | 20 27 18 . 102 Average Temperature 24 | 15 10 6 . 45 Received Heat Transfer 129 | . 87 42 . . Siege Activations . | . . . . . Robots Corrupted . | . . . . . Combat Hostiles . | . . . . . Parts Fried . | . . . . . Impact Corruptions . | . . . . . Robots Melted . | . . . . . Combat Hostiles . | . . . . . Parts Melted . | . . . . . Heat Transferred . | . . . . . Parts Sabotaged . | . . . . . Parts Stolen . | . . . . . Parts Stripped . | . . . . . Power Chain Reactions . | . . . . . Alert | -11 -10 -10 -10 -9 ------- Run | Yrd Mat Min Exi Min Peak Influence 363 | 5 363 309 . 83 Initial 69 | . 3 69 . . Average 141 | 1 250 176 . 24 Maximum Alert Level 1 | . 1 1 . . Low Security (%) 70 | 100 37 69 . 100 Level 1 29 | . 62 30 . . Level 2 . | . . . . . Level 3 . | . . . . . Level 4 . | . . . . . Level 5 . | . . . . . High Security . | . . . . . Max Security . | . . . . . Squads Dispatched 1 | . 1 . . . Investigation 1 | . 1 . . . Extermination . | . . . . . Reinforcement . | . . . . . Assault . | . . . . . Garrison . | . . . . . Intercept . | . . . . . Searches Triggered . | . . . . . Construction Impeded . | . . . . . Haulers Reinforced . | . . . . . Active Scanning Responses . | . . . . . Cargo Convoy Interrupts . | . . . . . Stealth | -11 -10 -10 -10 -9 --------- Run | Yrd Mat Min Exi Min Distress Signals . | . . . . . Communications Jammed . | . . . . . Distress Signals . | . . . . . Times Spotted 36 | . 16 11 . 9 Peak Tracking Total 9 | . 9 3 . 5 Tactical Retreats 4 | . 1 1 . 2 Traps | -11 -10 -10 -10 -9 ------- Run | Yrd Mat Min Exi Min Traps Triggered . | . . . . . Indirectly . | . . . . . Trap Hack Attempts . | . . . . . Triggered . | . . . . . Disarmed 5 | . 5 . . . Reprogrammed . | . . . . . Reused . | . . . . . Traps Extracted . | . . . . . Installed . | . . . . . Triggered . | . . . . . Machines | -11 -10 -10 -10 -9 ---------- Run | Yrd Mat Min Exi Min Machines Disabled 1 | . 1 . . . Max in Single Turn 1 | . 1 . . . Machines Repaired . | . . . . . Machines Dismantled . | . . . . . Machines Sabotaged . | . . . . . Overloaded Fab Kills . | . . . . . Hacking | -11 -10 -10 -10 -9 --------- Run | Yrd Mat Min Exi Min Machines Accessed 8 | . 4 . 4 . Terminals 4 | . 4 . . . Fabricators . | . . . . . Repair Stations . | . . . . . Recycling Units . | . . . . . Scanalyzers . | . . . . . Garrison Access . | . . . . . Total Hacks 64 | . 15 . 49 . Successful 57 | . 8 . 49 . Failed 7 | . 7 . . . Catastrophic . | . . . . . Database Lockouts . | . . . . . Manual . | . . . . . Terminals 15 | . 15 . . . Fabricators . | . . . . . Repair Stations . | . . . . . Recycling Units . | . . . . . Scanalyzers . | . . . . . Garrison Access . | . . . . . Terminal Hacks 57 | . 8 . 49 . Record 50 | . 1 . 49 . Prototype ID Bank 2 | . 2 . . . Branch Access Points 1 | . 1 . . . Emergency Access Points 1 | . 1 . . . Disarm Traps 2 | . 2 . . . Zone Layout 1 | . 1 . . . Fabricator Hacks . | . . . . . Repair Station Hacks . | . . . . . Recycling Unit Hacks . | . . . . . Scanalyzer . | . . . . . Garrison Access Hacks . | . . . . . Unauthorized Hacks . | . . . . . Terminals . | . . . . . Fabricators . | . . . . . Repair Stations . | . . . . . Recycling Units . | . . . . . Scanalyzers . | . . . . . Garrison Access . | . . . . . Data Cores Recovered 1 | . 1 . . . Used . | . . . . . Hacking Detections 3 | . 3 . . . Full Trace Events 2 | . 2 . . . Feedback Events . | . . . . . Feedback Blocked . | . . . . . Robot Schematics Acquired . | . . . . . Robots Built . | . . . . . Authchips . | . . . . . Time . | . . . . . Total Robot Build Rating . | . . . . . Part Schematics Acquired . | . . . . . Parts Built . | . . . . . Authchips . | . . . . . Time . | . . . . . Total Part Build Rating . | . . . . . Parts Repaired . | . . . . . Time . | . . . . . Parts Recycled . | . . . . . Recycled Matter . | . . . . . Retrieved Matter . | . . . . . Retrieved Components . | . . . . . Parts Scanalyzed . | . . . . . Part Schematics Acquired . | . . . . . Parts Damaged . | . . . . . Bothacking | -11 -10 -10 -10 -9 ------------ Run | Yrd Mat Min Exi Min Used RIF Installer . | . . . . . Robots Hacked . | . . . . . Non-combat . | . . . . . Combat . | . . . . . Robot Hacks Applied . | . . . . . Relay Couplers Released . | . . . . . Fabnet Peak Effective % . | . . . . . Robots Rewired . | . . . . . Allies Hacked . | . . . . . Hacks Repelled . | . . . . . Allies | -11 -10 -10 -10 -9 -------- Run | Yrd Mat Min Exi Min Total Allies . | . . . . . Largest Group . | . . . . . Highest-Rated Group . | . . . . . Highest-Rated Ally . | . . . . . Total Orders . | . . . . . Ally Attacks . | . . . . . Total Damage . | . . . . . Kills . | . . . . . Allies Corrupted . | . . . . . Allies Melted . | . . . . . Intel | -11 -10 -10 -10 -9 ------- Run | Yrd Mat Min Exi Min Robot Analysis Total . | . . . . . Derelict Logs Recovered 2 | . . 1 . 1 Drone Launches . | . . . . . Drone Recoveries . | . . . . . Exploration | -11 -10 -10 -10 -9 ------------- Run | Yrd Mat Min Exi Min Turns Passed 2087 | 116 507 440 567 457 Spaces Moved 1542 | 73 356 324 469 320 Core 9 | 9 . . . . Treads . | . . . . . Legs 1533 | 64 356 324 469 320 Wheels . | . . . . . Hover . | . . . . . Flight . | . . . . . Fastest Speed 50 | 50 120 120 120 120 Average Speed 119 | 111 120 120 120 120 Slowest Speed 120 | 120 120 120 120 120 Overloaded Moves . | . . . . . Propulsion Burnouts . | . . . . . Robots Hopped . | . . . . . Cave-ins Triggered . | . . . . . Exploration Rate (%) 56 | 4 63 78 90 47 Regions Visited 4 Branch Regions 3 Pre-discovered Areas 4 | . . 2 1 1 Known Exits Taken 1 | . 1 . . . Unknown Exits Taken 3 | 1 . 1 1 . Scrap Searched 2 | . . 1 . 1 Spaces Dug . | . . . . . Terrain Destroyed 71 | . 58 . . 13 Melee . | . . . . . Projectile 13 | . . . . 13 AOE 58 | . 58 . . . Terrain Rammed . | . . . . . Walls Destroyed . | . . . . . Machines Disabled . | . . . . . Actions | -11 -10 -10 -10 -9 --------- Run | Yrd Mat Min Exi Min Total 1690 | 95 401 351 473 370 Wait 41 | 3 3 3 . 32 Move 1538 | 72 355 323 468 320 Hop . | . . . . . Pick Up 15 | 8 5 1 1 . Fast Attach 11 | 7 1 . 1 2 Attach . | . . . . . Detach . | . . . . . Swap 6 | . 2 4 . . Drop 13 | . 6 4 1 2 Fire 61 | 5 26 16 . 14 Melee . | . . . . . Ram . | . . . . . Kick 3 | . 3 . . . Crush . | . . . . . Escape Stasis . | . . . . . Rewire 2 | . . . 2 . Trap . | . . . . . Miscellaneous . | . . . . . Route ------- -11/Scrapyard -10/Materials (discovered 2 exits: [*Mat] / *Min) -10/Mines (discovered 2 exits: [*Mat] / *Exi) -10/Exiles (discovered 2 exits: [*Min x2]) -9/Mines History --------- Turn | Location | Event 4 | -11/Scrapyard | Discovered new exit (range 12) 117 | -11/Scrapyard | Entered Materials 253 | -10/Materials | Destroyed 8 combat bots 309 | -10/Materials | Build established: Mutant 419 | -10/Materials | Discovered new exit (range 15) 436 | -10/Materials | Identified exit to Mines 624 | -10/Materials | Entered Mines 865 | -10/Mines | Learned location of Mines (-9) 874 | -10/Mines | Discovered new exit (range 14) 952 | -10/Mines | Learned location of Storage (-8) 1056 | -10/Mines | Deemed a non-threat by the Exiles lab entrance 1057 | -10/Mines | Discovered new exit (range 5) 1064 | -10/Mines | Entered Exiles 1064 | -10/Exiles | Found Exiles lab destroyed 1100 | -10/Exiles | Discovered new exit (range 14) 1135 | -10/Exiles | Build established: Scavenger-Mutant 1349 | -10/Exiles | Learned location of Zion (-6) 1617 | -10/Exiles | Discovered new exit (range 14) 1631 | -10/Exiles | Entered Mines 1641 | -9/Mines | Received a Rocket Launcher from a helpful Derelict 1699 | -9/Mines | A weapon hastily lodged in a ceiling crevice suddenly fell to the ground 1851 | -9/Mines | Found a hidden stash of uninstalled traps 1996 | -9/Mines | Assembled infested the area 2009 | -9/Mines | Build established: Mutant 2072 | -9/Mines | Core integrity fell below 50% 2076 | -9/Mines | Core integrity fell below 20% 2088 | -9/Mines | Destroyed by D-53 Grenadier with Mini Grenade Launcher Last Messages --------------- 02033_ K-01 Serf collects debris. 02035_ Acquired 14 matter. 02036_ Acquired 10 matter. 02037_ K-01 Serf collects debris. 02070_ HV Slug penetrates Wall. 02071_ K-01 Serf collects debris. 02071_ Lgt. Nuclear Core destroyed. 02073_ HV Slug penetrates Earth. 02075_ The unstable cave ceiling collapses. 02075_ K-01 Serf collects debris. 02075_ HV Slug penetrates Wall. 02075_ HV Slug penetrates Earth. 02076_ The unstable cave ceiling collapses. 02079_ K-01 Serf destroyed. 02079_ HV Slug penetrates Earth. 02080_ The unstable cave ceiling collapses. 02083_ Lgt. Assault Rifle destroyed. 02085_ The unstable cave ceiling collapses. 02087_ HV Slug penetrates Earth. 02088_ The unstable cave ceiling collapses. Map ----- +----------------------------------------------------+ | ##???????????# #?????????## #?# # | | ?????????????# #??????????# ##?# #### ## # | | ?????????????# ######?????# ## #??# ###???####??? | | ?????????????#& ##????# ## #??# #???????????? | | ????????###### & #????# ## #??# #???????????? | | ????????# & #????# ## #### #???????????? | | ?######## # ## #????# #???????????? | | ## ## ##????######### #???????????? | | "# ########### ##?????????????# #???????????? | | %% #?????????# #??????????????# #???????????? | | #" #?????????## ##??????????????# #???????????? | | ## #???????????####???????????????# ???????????? | | #??????????????????????????????###???????????? | | #####????????????????????????????????????????????? | | ?????????????????????????????????????????????????? | | ?????????????????????????????????????????????????? | | ?????????????????????????????????????????????????? | | ?????????????????????????????????????????????????? | | ???###???????????????????????????????????????????? | | ??# #???????????????????????????????????????????? | | ## #????????????????########???????????????????? | | # #???????????????## ##? ####;#??????????? | | #????????????????## # ????????????? | | #?????????????????# ???????????????? | | #?????????????????# # # ???????? | | ########??????????# @ d ???????? | | %%% "#????####### #" #?????????? | | ##### ##???## ## " ????????? | | %##???# ###### %= # # ##?????????? | | ##????# % #?#?? # ?????????? | | #?????## ##### ##########??????????????????? | | ???????# #???# #???????????????????????????? | | #??????# ???## ##???????????????????????????? | | #??????####???## #????????????????????????????? | | #??????????????# #????????????????????????????? | | #??????????????## ##????????????????????????????? | | ????????????????####?????????????????????????????? | | ?????????????????????????????????????????????????? | | ?????????????????????????????????????????????????? | | ?????????????????????????????????????????????????? | | ?????????????????????????????????????????????????? | | ?????????????????????????????????????????????????? | | ?????????????????????????????????????????????????? | | ?????????????????????????????????????????????????? | | ?????????????????????????????????????????????????? | | ?????????????????????????????????????????????????? | | ?????????????????????????????????????????????????? | | ?????????????????????????????????????????????????? | | ?????????????????????????????????????????????????? | | ?????????????????????????????????????????????????? | +----------------------------------------------------+ Best States ------------- Heat Dissipation 25 Energy Generation 14 Energy Capacity 250 Matter Stores 300 Matter Capacity 300 Sight Range 16 Terrain Scan Range 16 Terrain Scan Density 10 Evasion (%) 55 Offensive Hacking 11 Item Schematics ----------------- None Robot Schematics ------------------ None Fabricated ------------ Nothing Alien Tech Used ----------------- None Achievements -------------- Please Form A Line Challenges ------------ None Game ------ Seed GaussVariableScanner Manual? 0 Play Time 00:26:21 Cumulative 6.9 hours Start 2025.03.26 @ 13:29:30 End 2025.03.26 @ 13:54:18 Sessions 1 Manual Loads 0 Difficulty Rogue Special Mode None Game No. 19 Rogue 15 Adventurer 4 Explorer 0 Win Type - Total 0 Types 0/0/0/0/0/0/0/0/0 Lore% 10 Gallery% 13 Achievement% 16 Wizard Run 0 Options --------- Layout 0 ASCII 0 Keyboard 0 Movement Numpad Keybinds 0 Fullscreen 2 Font 36/Smallcaps Map View 76x50 Zoom Use 34% Tactical HUD 1 Map Filters NONE Filters NONE Steam 1 RUN: 800e9e4d-e971-41e6-86b8-5f149531933a